 Dungeon Crawl Stone Soup version 0.32-a0-841-g4648e6c457 (webtiles) character file.

Game seed: 9158147845190821555

1732 Maxmaps the Shield-Bearer (level 9, -5/87 HPs)
             Began as an Octopode Shapeshifter on Mar 26, 2024.
             Slain by a vampire (10 damage)
             ... on level 6 of the Dungeon.
             The game lasted 00:05:47 (5483 turns).

Maxmaps the Shield-Bearer (Octopode Shapeshifter)   Turns: 5483, Time: 00:05:47

Health: -5/87      AC: 24    Str: 13    XL:     9   Next: 5%
Magic:  9/9        EV:  2    Int: 17    God:
Gold:   339        SH:  6    Dex: 11    Spells: 8/8 levels left

rFire   . .          .
                       - Unarmed
rCold   . . .        t - +1 buckler
rNeg    . . .        (helmet currently unavailable)
rPois   +            (no amulet)
rElec   .            (no ring)
rCorr   .            (no ring)
SInv    .            (no ring)
Will    .....        (no ring)
Stlth   +            (no ring)
HPRegen 0.34/turn    (no ring)
MPRegen 0.11/turn    (no ring)
                     (no ring)

%: no passive effects
@: tree-form
A: stationary, stasis, torment immunity, boosted hp, almost no armour,
(amphibious), 8 rings, (camouflage 1), (gelatinous body 1), (nimble swimmer 1),
(tentacles)
a: no special abilities


You were on level 6 of the Dungeon.
You were a tree.
You visited 2 branches of the dungeon, and saw 7 of its levels.

You collected 339 gold pieces.

Inventory:

Missiles
 f - 2 throwing nets (quivered)
Armour
 t - a +1 buckler (worn)
Jewellery
 s - an amulet of guardian spirit
Talismans
 b - a beast talisman (active)
 c - a flux talisman
Wands
 p - a wand of polymorph (7)
Scrolls
 g - 3 scrolls of fog
 i - a scroll of brand weapon {unknown}
 j - a scroll of poison
 m - a scroll of teleportation
 o - a scroll of immolation
Potions
 a - a potion of lignification
 d - 2 potions of enlightenment
 e - a potion of haste
 h - a potion of mutation {unknown}
 k - a potion of degeneration
 n - 2 potions of cancellation
 q - a potion of magic {unknown}
 r - a potion of curing
 u - a potion of might {unknown}


   Skills:
 - Level 4.1 Fighting
 - Level 2.0 Dodging
 - Level 7.6 Shields
 - Level 3.0 Unarmed Combat
 + Level 7.1 Shapeshifting


You had 8 spell levels left.
You didn't know any spells.
Your spell library contained the following spells:

 Spells                   Type           Power      Damage    Failure   Level
 Foxfire                  Conj/Fire      0%         2x1d4     30%         1
 Necrotise                Necr           0%         1d4       30%         1
 Mercury Vapours          Alch/Air       0%         N/A       41%         2
 Mephitic Cloud           Conj/Alch/Air  0%         N/A       65%         3
 Vampiric Draining        Necr           0%         2d6       65%         3
 Martyr's Knell           Necr/Summ      0%         N/A       96%         4
 Curse of Agony           Necr           0%         N/A       100%        5
 Freezing Cloud           Conj/Ice/Air   0%         6-21      100%        5
 Plasma Beam              Fire/Air       0%         2x1d10    100%        6
 Starburst                Conj/Fire      0%         6d3       100%        6


Dungeon Overview and Level Annotations

Branches:
Dungeon (6/15)             Temple (1/1) D:5

Altars:
Ashenzari
Cheibriados
Dithmenos
Elyvilon
Fedhas
Hepliaklqana
Kikubaaqudgha
Makhleb
Nemelex Xobeh
Okawaru
Qazlal
Ru
Trog
Uskayaw
Vehumet
Xom
Yredelemnul
The Shining One

Shops:
D:1 *   D:3 (

Annotations:
D:4 3 runed translucent doors, ezpacito's ghost, amateur CoCK


Innate Abilities, Weirdness & Mutations

You are a tree.
Your roots penetrate the ground, keeping you stationary.
You cannot be teleported.
You are immune to unholy pain and torment.
Your maximum health is greatly increased.
You cannot wear most types of armour.
((You are amphibious.))
You can wear up to eight rings at the same time.
((Your skin changes colour to match your surroundings (Stealth+).))
((Your rubbery body absorbs attacks. (AC +1, EV +1)))
((You are camouflaged when in or above water. (Stealth+)))
((You have tentacles for arms and can constrict up to eight enemies at once.))


Message History

You closely miss something. You block something's attack. x2
You miss something. Something hits you but does no damage.
You block something's attack.
You smack something!
Something hits you.
* * * LOW HITPOINT WARNING * * *
Something bites you.
* * * LOW HITPOINT WARNING * * *
Something draws strength from your injuries!
You barely miss something. Something hits you but does no damage.
You block something's attack.
You smack something!
Something hits you but does no damage. Something bites you.
* * * LOW HITPOINT WARNING * * *
Something draws strength from your injuries!
You smack something!
Something hits you but does no damage. Something bites you but does no damage.
You hit something but do no damage.
You hear some strange, mumbled words.
You are confused.
Unknown command.
You feel better. Something hits you.
* * * LOW HITPOINT WARNING * * *
Something bites you but does no damage.
You hit something but do no damage. Something draws life force from you.
* * * LOW HITPOINT WARNING * * *
You hit something but do no damage. Something hits you but does no damage.
Something bites you but does no damage.
You closely miss something. Your punch misses something.
Something draws life force from you!
* * * LOW HITPOINT WARNING * * *
You hit something but do no damage. Something hits you but does no damage.
Something bites you but does no damage.
You hit something but do no damage. You punch something.
You feel better. Something hits you.
* * * LOW HITPOINT WARNING * * *
Something bites you.
* * * LOW HITPOINT WARNING * * *
Something draws strength from your injuries!
You miss something. Something hits you!
You die...

#.# #.# #.# #.#
######.###### #.#
#...........# #<#
#.####.####.#
#...# #.# #.#
#.#.#
##.####.#####....
.#
................#
##
...####♣#####...
#.## #{# ##.. #.
#.# ### ..# ...
####


There were no monsters in sight!

Vanquished Creatures
  Pikel (D:4)
  Prince Ribbit (D:5)
  Duvessa (D:5)
  A black bear (D:5)
  An ogre (D:5)
  A phantom (D:4)
  A centaur (D:6)
  2 lemures (D:4)
  Dowan (D:5)
  2 bombardier beetles
  A bullfrog zombie (D:4)
  A gnoll bouda (D:5)
  2 hounds
  A sleepcap (D:5)
  2 iguanas (D:5)
  3 orc wizards
  A hound zombie (D:4)
  7 gnolls
  7 adders
  2 ufetubi (D:6)
  4 adder skeletons (D:3)
  An adder zombie (D:3)
  4 ribbon worms
  3 dart slugs
  6 orcs
  6 ball pythons
  6 endoplasms
  2 giant cockroaches
  9 goblins
  5 hobgoblins
  9 jackals
  6 kobolds
  A quokka (D:1)
  3 ball python skeletons (D:3)
  2 ball python zombies (D:3)
  2 bats (D:2)
  A frilled lizard (D:2)
  A giant cockroach zombie (D:3)
  4 rats
114 creatures vanquished.

Notes
Turn   | Place    | Note
-------+----------+-------------------------------------------
     0 | D:1      | Maxmaps the Octopode Shapeshifter began the quest for the
                  | Orb.
     0 | D:1      | Reached XP level 1. HP: 13/13 MP: 1/1
   194 | D:1      | Found Pousho Azoa's Assorted Antiques.
   303 | D:1      | Reached XP level 2. HP: 11/19 MP: 2/2
   916 | D:2      | Reached XP level 3. HP: 20/25 MP: 3/3
  1051 | D:2      | Found a faded altar of an unknown god.
  1062 | D:2      | Got Plato's Information on Hyperthermia
  1136 | D:2      | Found an iron altar of Okawaru.
  1720 | D:3      | Reached XP level 4. HP: 22/33 MP: 4/4
  1773 | D:3      | Found a transporter.
  2414 | D:3      | Found Ippia's Antique Weapon Shop.
  2509 | D:3      | Found a transporter.
  2719 | D:4      | Noticed a lemure
  2729 | D:4      | Killed a lemure
  2900 | D:4      | Found a burning altar of Makhleb.
  2908 | D:4      | Reached skill level 1 in Shields
  2908 | D:4      | Reached XP level 5. HP: 21/37 MP: 5/5
  3058 | D:4      | Found a runed translucent gate.
  3058 | D:4      | Found a runed translucent gate.
  3058 | D:4      | Found a runed translucent gate.
  3058 | D:4      | Noticed ezpacito's ghost (amateur CoCK)
  3060 | D:4      | Found a basalt altar of Yredelemnul.
  3117 | D:4      | Reached XP level 6. HP: 43/43 MP: 6/6
  3124 | D:4      | Found a shimmering altar of Xom.
  3299 | D:4      | Noticed Pikel
  3314 | D:4      | Killed Pikel
  3315 | D:4      | Reached XP level 7. HP: 11/48 MP: 7/7
  3334 | D:4      | Found a shadowy altar of Dithmenos.
  3934 | D:5      | Entered Level 5 of the Dungeon
  3946 | D:5      | Noticed Prince Ribbit
  3947 | D:5      | Noticed Ijyb
  3971 | D:4      | Reached XP level 8. HP: 13/54 MP: 8/8
  4598 | D:5      | Killed Prince Ribbit
  4599 | D:5      | Reached skill level 5 in Shapeshifting
  4738 | D:5      | Found a staircase to the Ecumenical Temple.
  4819 | Temple   | Entered the Ecumenical Temple
  4890 | D:5      | Noticed Duvessa
  4897 | D:5      | Killed Duvessa
  4897 | D:5      | Noticed Dowan
  4904 | D:5      | Killed Dowan
  4963 | D:5      | Found a faded altar of an unknown god.
  5421 | D:6      | Reached XP level 9. HP: 58/58 MP: 9/9
  5479 | D:6      | HP: 1/87 [something (11)]
  5483 | D:6      | Slain by a vampire

Illustrated notes

Levels and vault maps discovered:
D:1:      eino_arrival_tree_alley, layout_basic, serial_shops, shop
D:2:      layout_basic, basic_altar, shapermc_ecumenical_altar_rom_forum
D:3:      layout_loops_corners, serial_undead, serial_undead_e, serial_undead_d,
          serial_undead_b, serial_undead_e, serial_undead_b, serial_shops,
          nicolae_shop_drivethru
D:4:      layout_loops_ring, makhleb_heckhound_becter,
          nicolae_yredelemnul_ghost_church, mainiacjoe_overflow_six_doors_small,
          general_overflow_altar, cheibrodos_sewer_entry_bend, uniq_pikel
D:5:      layout_cave_pools, minmay_temple_entry_glassed_door,
          serial_column_ruins, column_ruins_temple_hall, column_ruins_hut,
          column_ruins_open_small, column_ruins_grid_4, column_ruins_open_small,
          uniq_prince_ribbit1, uniq_ijyb, uniq_duvessa
D:6:      layout_loops_ring, serial_library_hellmonk_narrow_alcove, minivault_5
Temple:   eino_temple_lava

Skill      XL: |  1  2  3  4  5  6  7  8  9 |
---------------+----------------------------+-----
Fighting       | 2 3 4 |  4.1
Shields        | 1 3 6 7 |  7.6
Shapeshifting  | 6 7 |  7.1
Dodging        | |  2.0
Unarmed Combat | |  3.0

Action                     |  1- 3 |  4- 6 |  7- 9 || total
---------------------------+-------+-------+-------++-------
  Melee: Unarmed           |    61 |   103 |   130 ||   294
         Constrict         |    15 |    32 |    30 ||    77
         Tentacles         |    10 |    19 |    29 ||    58
         Punch             |     1 |     1 |     3 ||     5
    Use: Scroll            |       |    12 |     2 ||    14
         Potion            |       |       |     3 ||     3
   Stab: Sleeping          |     3 |    10 |     3 ||    16
         Held in net/web   |     1 |       |       ||     1
 Armour: Skin              |    18 |    37 |    90 ||   145
  Dodge: Dodged            |    20 |    42 |    42 ||   104
  Block: Buckler           |       |    12 |    30 ||    42

Table legend: (Time is in decaauts)
 A = Elapsed time spent in this place.
 B = Non-inter-level travel time spent in this place.
 C = Inter-level travel time spent in this place.
 D = Time resting spent in this place.
 E = Time spent auto-exploring this place.
 F = Levels seen in this place.
 G = Mean time per level.
                   A        B        C        D        E       F      G
               +--------+--------+--------+--------+--------+-----+--------+
         Total |   5472 |   5167 |    305 |    378 |   3991 |   7 |  781.7 |
       Dungeon |   5469 |   5164 |    305 |    378 |   3991 |   6 |  911.5 |
        Temple |      3 |      3 |      0 |      0 |      0 |   1 |    3.0 |
               +--------+--------+--------+--------+--------+-----+--------+

Top non-repeatable levels by time:
     D:4: 1543 daAuts
     D:5: 1173 daAuts
     D:3: 1167 daAuts
     D:1: 866 daAuts
     D:2: 642 daAuts
     D:6: 76 daAuts
  Temple: 3 daAuts
